 Dungeon Crawl Stone Soup version 0.24.1-14-gf8d2b509d9 (webtiles) character file.

Game seed: 4739595648962871817, levelgen mode: deterministic

178 Descartes the Shield-Bearer (level 5, -3/42 HPs)
             Began as a Formicid Fighter on May 16, 2020.
             Killed by divine providence
             ... invoked by an orc priest
              (16 damage)
             ... on level 3 of the Dungeon.
             The game lasted 00:04:36 (2001 turns).

Descartes the Shield-Bearer (Formicid Fighter)      Turns: 2001, Time: 00:04:37

Health: -3/42      AC:  7    Str: 26    XL:     5   Next: 89%
Magic:  8/8        EV:  8    Int:  8    God:
Gold:   74         SH: 10    Dex: 10    Spells: 8/8 levels left

rFire    . . .     SeeInvis +   a - +0 long sword
rCold    . . .     Gourm    .   c - +0 shield
rNeg     . . .     Faith    .   b - +0 scale mail
rPois    .         Spirit   .   (helmet unavailable)
rElec    .         Reflect  .   m - scarf {repulsion}
rCorr    .         Harm     .   (no gloves)
MR       .....                  (no boots)
Stlth    ..........             (no amulet)
HPRegen  0.14/turn              p - +5 ring of strength
MPRegen  0.11/turn              (no ring)

@: repel missiles
A: permanent stasis, dig shafts and tunnels, four strong arms, antennae 3
a: Dig, Shaft Self


You were on level 3 of the Dungeon.
You were not hungry.

You visited 1 branch of the dungeon, and saw 3 of its levels.

You collected 74 gold pieces.

Inventory:

Hand Weapons
 a - a +0 long sword (weapon)
Missiles
 l - 106 stones (quivered)
 o - 3 curare-tipped darts
 q - 19 poisoned darts
 u - 2 atropa-tipped darts
Armour
 b - a +0 scale mail (worn)
 c - a +0 shield (worn)
 m - a scarf of repulsion (worn)
Jewellery
 p - a +5 ring of strength (left hand)
Scrolls
 h - 2 scrolls of identify {unknown}
 j - 2 scrolls of enchant weapon {unknown}
 n - 2 scrolls of remove curse {unknown}
Potions
 d - a potion of might
 e - a potion of heal wounds
 i - a potion of degeneration {unknown}
 k - a potion of flight {unknown}
 r - a potion of resistance {unknown}
 s - a potion of magic {unknown}
 t - a potion of lignification {unknown}
Comestibles
 f - 4 rations
 g - 4 chunks of flesh


   Skills:
 + Level 4.2 Fighting
 - Level 2.0 Long Blades
 + Level 4.1 Armour
 * Level 5.4 Shields
 + Level 2.0 Spellcasting


You had 8 spell levels left.
You didn't know any spells.
Your spell library was empty.

Dungeon Overview and Level Annotations

Branches:
Dungeon (3/15)

Altars:
Ashenzari
Cheibriados
Makhleb


Innate Abilities, Weirdness & Mutations

You cannot be hasted, slowed, berserked, paralysed or teleported.
You can dig through walls and to a lower floor.
Your four strong arms can wield two-handed weapons with a shield.
You have a pair of large antennae on your head. (SInv)


Message History

You closely miss the orc priest. You block the orc priest's attack. x2
The orc priest hits you with a +0 short sword.
You closely miss the orc priest. You block the orc priest's attack.
A hobgoblin comes into view.
The orc priest hits you with a +0 short sword.
The hobgoblin shouts!
You hit the orc priest.
The orc priest is moderately wounded.
You block the orc priest's attack.
The orc priest hits you but does no damage.
You hit the orc priest but do no damage.
The orc priest is moderately wounded.
The orc priest barely misses you.
The orc priest calls upon Beogh to heal the orc priest.
The orc priest's wounds heal themselves!
The orc priest mumbles some strange prayers to Beogh against you.
Beogh smites you!
The orc priest invokes the aid of Beogh against you.
Beogh smites you!
You die...

..#####.################
........................
.########<..............
.# #.....######.######.
.####.###.##...(.#
..........##.....#
#####...####.....######
..................g...#
......)...######@####.#
.##.)#..#.# #.o.o..#
)##..#..#.# #.##.###
)##..#..# . ... ..
.##..#..# ### ###
.##.....# ......... {
.###.#... .# #.#


You could see 2 orc priests and a hobgoblin.

Vanquished Creatures
  A hound (D:2)
  An orc priest (D:3)
  A hound skeleton (D:2)
  3 adders
  An ooze (D:2)
  A worm (D:2)
  2 leopard geckos (D:2)
  11 orcs (D:3)
  5 bats
  A giant cockroach (D:2)
  10 goblins
  6 hobgoblins
  4 jackals (D:3)
  A quokka (D:3)
  A frilled lizard (D:2)
  5 kobolds
  7 rats
61 creatures vanquished.

Notes
Turn   | Place    | Note
-------+----------+-------------------------------------------
     0 | D:1      | Descartes the Formicid Fighter began the quest for the Orb.
     0 | D:1      | Reached XP level 1. HP: 18/18 MP: 1/1
   224 | D:1      | Reached XP level 2. HP: 23/24 MP: 2/2
   345 | D:1      | Reached skill level 4 in Shields
   796 | D:2      | Reached skill level 1 in Spellcasting
   796 | D:2      | Reached XP level 3. HP: 23/29 MP: 4/4
   825 | D:2      | Found a burning altar of Makhleb.
   834 | D:2      | Reached XP level 4. HP: 19/37 MP: 4/6
   888 | D:2      | Found a snail-covered altar of Cheibriados.
   888 | D:2      | Found a shattered altar of Ashenzari.
  1521 | D:3      | Reached XP level 5. HP: 42/42 MP: 7/7
  1562 | D:3      | Reached skill level 5 in Shields
  2001 | D:3      | Killed from afar by an orc priest

Levels and vault maps discovered:
D:1:      minmay_arrival_plants_in_alcoves, layout_loops_ring
D:2:      layout_basic, gammafunk_temple_overflow_pools,
          makhleb_blood_cavern_becter
D:3:      layout_basic, uniq_grinder

Skill      XL: |  1  2  3  4  5 |
---------------+----------------+-----
Shields        | 4 5 |  5.4
Spellcasting   | 1 2 |  2.0
Fighting       | 4 |  4.2
Armour         | 4 |  4.1
Long Blades    | |  2.0

Action                   |  1- 3 |  4- 6 || total
-------------------------+-------+-------++-------
Melee: Long sword        |    68 |   172 ||   240
  Eat: Chunk             |       |     4 ||     4
Armor: Scale mail        |    25 |    61 ||    86
Dodge: Dodged            |    28 |    55 ||    83
Block: Shield            |    43 |    99 ||   142
       Rpst.: Long sword |     6 |    16 ||    22
